 Dungeon Crawl Stone Soup version 0.17.0-23-g0de4337 (webtiles) character file.

368 Britaniac the Firebug (level 6, -1/33 HPs)
             Began as a Deep Elf Fire Elementalist on Nov 13, 2015.
             Killed from afar by Sigmund (9 damage)
             ... with a magic dart
             ... on level 5 of the Dungeon.
             The game lasted 00:11:28 (3843 turns).

Britaniac the Firebug (Deep Elf Fire Elementalist)  Turns: 3843, Time: 00:11:28

Health: -1/33      AC:  3    Str:  5    XL:     6   Next: 41%
Magic:  13/15      EV: 14    Int: 22    God:
Gold:   89         SH:  0    Dex: 15    Spells: 2 memorised, 9 levels left

rFire  . . .     SeeInvis .     t - +1 dagger (vamp)
rCold  . . .     Clarity  .     a - +0 robe
rNeg   . . .     SustAt   .     (no shield)
rPois  .         Gourm    .     o - +0 hat
rElec  .         Spirit   .     x - +0 cloak
rCorr  .         Warding  .     (no gloves)
rMut   .         Stasis   +     (no boots)
MR     +....                    r - amulet of stasis
Stlth  ++........               (no ring)
                                B - ring of protection from magic

@: somewhat resistant to hostile enchantments, unstealthy
A: no striking features
a: no special abilities


You were on level 5 of the Dungeon.
You were not hungry.

You visited 1 branch of the dungeon, and saw 5 of its levels.

You collected 89 gold pieces.

Inventory:

Hand Weapons
 t - a +1 vampiric dagger (weapon)
Armour
 a - a +0 robe (worn)
 o - a +0 hat (worn)
 x - a +0 cloak (worn)
Jewellery
 r - an amulet of stasis (around neck)
 B - a ring of protection from magic (left hand)
Wands
 y - a wand of confusion (10)
Scrolls
 f - a scroll of remove curse {unknown}
 g - 2 scrolls of fear {unknown}
 i - 4 scrolls of identify {unknown}
 k - a scroll of enchant armour {unknown}
 l - a scroll of noise {unknown}
 n - a scroll of recharging {unknown}
 q - a scroll of blinking {unknown}
 u - 3 scrolls of teleportation {unknown}
Potions
 d - 3 potions of flight {unknown}
 e - a potion of might {unknown}
 j - 3 potions of agility
 m - 2 potions of degeneration {unknown}
 p - a potion of lignification {unknown}
 w - a potion of cancellation {unknown}
 z - 2 potions of cure mutation {unknown}
 A - 2 potions of brilliance {unknown}
Books
 b - a book of Flames

   Spells                             Type                      Level
   a - Flame Tongue                   Conjuration/Fire             1
   b - Throw Flame                    Conjuration/Fire             2
   c - Conjure Flame                  Conjuration/Fire             3
   d - Inner Flame                    Hexes/Fire                   3
   e - Sticky Flame                   Conjuration/Fire             4
   f - Fireball                       Conjuration/Fire             5
Comestibles
 c - 7 bread rations
 h - a royal jelly
 s - 3 meat rations
 v - 2 chunks of flesh


   Skills:
 + Level 0.5 Fighting
 + Level 3.7 Dodging
 - Level 2.4 Stealth
 + Level 5.0 Spellcasting
 * Level 3.9 Conjurations
 + Level 5.2 Fire Magic


You had 9 spell levels left.
You knew the following spells:

 Your Spells              Type           Power        Failure   Level  Hunger
a - Flame Tongue          Conj/Fire      ####.        1%          1    None
b - Fireball              Conj/Fire      ####......   50%         5    #####..


Dungeon Overview and Level Annotations

Branches:
Dungeon (5/15)
 Temple: D:4-7

Altars:
Makhleb
Okawaru
Trog
Yredelemnul
Zin

Annotations:
D:2 1 runed door
D:4 Prince Ribbit
D:5 Sigmund


Message History

Sigmund barely misses you.
Prince Ribbit lets out a mournful croak.
Prince Ribbit blinks!
There is an escape hatch in the floor, spattered with blood here.
Sigmund closely misses you.
You slide downwards.
The hatch slams shut behind you.
A giant cockroach comes into view.
Found 13 gold pieces.
Sigmund hits you from afar with a scythe!
* * * LOW HITPOINT WARNING * * *
Sigmund whispers, "You'll know eternity soon."
Sigmund mumbles some strange words.
Sigmund flickers and vanishes!
Deactivating autopickup; reactivate with Ctrl-A.
Found a glowing hunting sling and a scroll labeled AWEYTHIUDA.
Found a scroll labeled KEL PIASHAUHAO.
Found a stone staircase leading down.
A magic dart appears from out of thin air!
The magic dart hits you!
You die...

#####{#
#.{...#
##.#####
####..#
#....##
###....####
#..........#
...........#
#.?..)..@..#
#.....?..>.#
#..........#
####....####
#....# #####


There were no monsters in sight!

Vanquished Creatures
  A water moccasin skeleton (D:4)
  A hound (D:5)
  Crazy Yiuf (D:3)
  Jessica (D:3)
  2 worker ants (D:4)
  Natasha (thrice) (D:3)
  3 gnolls (D:4)
  4 adders
  An ooze (D:1)
  2 worms
  A giant gecko (D:2)
  2 orcs
  A ball python (D:1)
  6 bats
  6 giant cockroaches
  8 goblins
  7 hobgoblins
  7 jackals (D:1)
  6 kobolds
  A ball python skeleton (D:4)
  3 giant newts
  A goblin zombie (D:2)
  2 kobold zombies (D:2)
  8 rats
  A fungus (D:3)
79 creatures vanquished.

Notes
Turn   | Place    | Note
--------------------------------------------------------------
     0 | D:1      | Britaniac the Deep Elf Fire Elementalist began the quest for the Orb.
     0 | D:1      | Reached XP level 1. HP: 10/10 MP: 6/6
   495 | D:1      | Reached XP level 2. HP: 15/15 MP: 4/8
   961 | D:1      | Reached XP level 3. HP: 16/19 MP: 7/10
  1110 | D:1      | Reached skill level 4 in Fire Magic
  1587 | D:2      | Found a burning altar of Makhleb.
  1588 | D:2      | Noticed a balrug
  1591 | D:2      | Found a glowing silver altar of Zin.
  1592 | D:2      | Noticed an angel
  1878 | D:2      | Reached XP level 4. HP: 18/24 MP: 7/12
  1977 | D:2      | Found a runed door.
  1977 | D:2      | Noticed a human
  1989 | D:2      | Found a basalt altar of Yredelemnul.
  2184 | D:3      | Noticed Jessica
  2192 | D:3      | Killed Jessica
  2320 | D:3      | Noticed Natasha
  2327 | D:3      | Killed Natasha
  2327 | D:3      | Reached XP level 5. HP: 19/28 MP: 7/13
  2692 | D:3      | Noticed Natasha
  2699 | D:3      | Killed Natasha
  2815 | D:3      | Found an iron altar of Okawaru.
  2815 | D:3      | Found a bloodstained altar of Trog.
  2961 | D:3      | Noticed Crazy Yiuf
  2965 | D:3      | Killed Crazy Yiuf
  3243 | D:4      | Noticed Sigmund
  3312 | D:3      | Noticed Natasha
  3313 | D:3      | Killed Natasha
  3681 | D:4      | Reached skill level 5 in Fire Magic
  3681 | D:4      | Reached XP level 6. HP: 31/33 MP: 9/15
  3693 | D:4      | Learned a level 5 spell: Fireball
  3808 | D:5      | Entered Level 5 of the Dungeon
  3808 | D:5      | Noticed Prince Ribbit
  3814 | D:5      | Reached skill level 5 in Spellcasting
  3843 | D:5      | Killed from afar by Sigmund

Action                   |  1- 3 |  4- 6 || total
-------------------------+-------+-------++-------
Melee: Unarmed           |     5 |     2 ||     7
       Dagger            |       |    20 ||    20
 Cast: Flame Tongue      |    76 |    83 ||   159
  Eat: Chunk             |     3 |     3 ||     6
       Fruit             |       |     5 ||     5
       Pizza             |       |     2 ||     2
